 Dungeon Crawl Stone Soup version 0.23.2-33-g5129a83184 (webtiles) character file.

Game seed: 18423800607789886808

2422 Kold the Insei (level 9, -13/53 HPs)
             Began as an Octopode Transmuter on July 20, 2019.
             Was an Elder of Cheibriados.
             Killed from afar by a wyvern (26 damage)
             ... with an exploding inner flame
             ... hexed by the player character
             ... on level 8 of the Dungeon.
             The game lasted 00:17:37 (9015 turns).

Kold the Insei (Octopode Transmuter)                Turns: 9015, Time: 00:17:38

Health: -13/53     AC:  3    Str: 21      XL:     9   Next: 48%
Magic:  12/12      EV: 19    Int: 25      God:    Cheibriados [****..]
Gold:   132        SH:  0    Dex: 20 (21) Spells: 6/12 levels left

rFire    . . .     SeeInvis .     - Unarmed
rCold    + . .     Gourm    .   (no shield)
rNeg     . . .     Faith    +   s - +2 hat
rPois    .         Spirit   .   u - amulet of faith
rElec    .         Reflect  .   q - +1 ring of evasion
rCorr    .         Harm     .   l - ring of flight (curse)
MR       .....                  w - ring of protection from cold
Stlth    ++++......             (no ring)
HPRegen  0.17/turn              (no ring)
MPRegen  0.13/turn              (no ring)
                                (no ring)
                                (no ring)

@: lethally poisoned (-13 -> -21), very slow
A: almost no armour, stealthy swim, amphibious, 8 rings, constrict 8, camouflage
1, gelatinous body 1
a: Bend Time, Temporal Distortion, Slouch, Renounce Religion, Evoke Flight


You were on level 8 of the Dungeon.
You worshipped Cheibriados.
Cheibriados was greatly pleased with you.
You were not hungry.

You visited 2 branches of the dungeon, and saw 9 of its levels.

You collected 229 gold pieces.
You spent 97 gold pieces at shops.

Inventory:

Missiles
 a - 109 arrows
Armour
 s - a +2 hat (worn)
Jewellery
 l - a cursed ring of flight (right tentacle)
 m - an uncursed amulet of the acrobat
 q - a +1 ring of evasion (left tentacle)
 u - an amulet of faith (around mantle)
 w - a ring of protection from cold (on tentacle)
Wands
 r - a wand of clouds (4)
Scrolls
 b - a scroll of amnesia {unknown}
 e - 2 scrolls of remove curse {unknown}
 h - 9 scrolls of identify {unknown}
 i - 2 scrolls of enchant armour {unknown}
 j - a scroll of noise
 o - 2 scrolls of magic mapping {unknown}
 t - a scroll of fog {unknown}
 v - a scroll of vulnerability {unknown}
Potions
 d - 3 potions of brilliance {unknown}
 g - a potion of agility
 k - a potion of mutation {unknown}
 n - 2 potions of lignification {unknown}
 p - a potion of berserk rage {unknown}
 x - 2 potions of heal wounds {unknown}
 z - a potion of ambrosia {unknown}
Comestibles
 c - 8 rations
 A - 6 chunks of flesh


   Skills:
 + Level 1.2 Fighting
 * Level 6.5 Dodging
 - Level 4.0 Stealth
 + Level 6.9 Unarmed Combat
 - Level 2.0 Spellcasting
 + Level 6.6 Transmutations
 - Level 6.0 Poison Magic


You had 6 spell levels left.
You knew the following spells:

 Your Spells              Type           Power        Failure   Level  Hunger
a - Beastly Appendage     Tmut           #####.       1%          1    None
b - Sticks to Snakes      Tmut           #####...     1%          2    ##.....
c - Spider Form           Tmut/Pois      ####......   2%          3    ###....

Your spell library contained the following spells:

 Spells                   Type           Power        Failure   Level  Hunger
 Corona                   Hex            #......      11%         1    None
 Ensorcelled Hibernation  Hex/Ice        #.....       17%         2    ##.....
 Blade Hands              Tmut           #####.....   21%         5    ######.
 Ice Form                 Ice/Tmut       ###.....     28%         4    ####...
 Confuse                  Hex            #.......     32%         3    ###....
 Dazzling Spray           Conj/Hex       #.....       32%         3    ###....
 Tukima's Dance           Hex            #.......     32%         3    ###....


Dungeon Overview and Level Annotations

Branches:
Dungeon (8/15)             Temple (1/1) D:5
   Lair: D:8-11

Altars:
Ashenzari
Cheibriados
Dithmenos
Elyvilon
Fedhas
Gozag
Hepliaklqana
Kikubaaqudgha
Makhleb
Nemelex Xobeh
Okawaru
Ru
Sif Muna
Trog
Uskayaw
Vehumet
Wu Jian
Yredelemnul
Zin

Shops:
D:4 (   D:6 ?


Innate Abilities, Weirdness & Mutations

You cannot wear most types of armour.
You are very stealthy in the water. (Stealth+)
You are amphibious.
You can wear up to eight rings at the same time.
You can use your tentacles to constrict eight enemies at once.
Your skin changes colour to match your surroundings (Stealth+).
Your rubbery body absorbs attacks. (AC +1, EV +1)


Message History

The gnoll closely misses you.
The orc priest calls down the wrath of Beogh upon you.
You struggle to resist.
The wyvern misses you.
As you read the scroll labeled VESAWOOLABOT, it crumbles to dust.
The creatures around you are filled with an inner flame!
It was a scroll of immolation.
You feel sick. The gnoll hits you but does no damage.
You are more poisoned.
The wyvern barely misses you.
You can feel time thicken for a moment.
The wyvern explodes!
The fiery explosion engulfs the orc priest!!!
The orc priest explodes!
The fiery explosion engulfs the gnoll.
The gnoll is heavily wounded.
The fiery explosion engulfs the gnoll!!!
The gnoll explodes!
Cheibriados thoroughly appreciates the change of pace. x2
The fiery explosion engulfs you!!
You die...

....8.............##...g.g...# .
..........l........##........#...
).<......................<.......
.÷÷......................%†......
............##......##...........
.........../........#............
.......[...%.§g#.#.............(≈
.............§§§.##............≈#
#...(........§§§@...##........^.#
#.............§§#.#.##.....##..^^
#..8...........#### .#...... .§^≈
#................
.........).......
.................#
................. #..............
##...........


You could see a gnoll (inner flame).

Vanquished Creatures
  Eustachio (D:4)
  Menkaure (D:6)
  A water moccasin (D:7)
  A black bear (D:7)
  An orc warrior (D:7)
  An ice beast (D:6)
  A centaur (D:7)
  An ogre (D:5)
  Blork the orc (D:6)
  3 bullfrogs
  A water moccasin zombie (D:6)
  A gnoll sergeant (D:6)
  3 scorpions
  4 crimson imps
  A centaur zombie (D:7)
  A quasit (D:7)
  2 orc priests
  3 hounds
  A centaur skeleton (D:7)
  Crazy Yiuf (D:6)
  2 jellies
  2 bullfrog skeletons (D:6)
  2 iguanas (D:6)
  3 worker ants
  5 orc wizards
  A hound zombie (D:6)
  A howler monkey zombie (D:6)
  9 gnolls
  5 adders
  3 shadow imps
  2 oozes
  An adder skeleton (D:5)
  8 worms
  6 dart slugs
  A leopard gecko (D:1)
  17 orcs
  3 giant cockroaches
  4 hobgoblins
  17 jackals
  3 quokkas
  2 ball pythons (D:3)
  10 bats
  5 frilled lizards
  13 goblins
  10 kobolds
  A leopard gecko skeleton (D:4)
  A quokka skeleton (D:4)
  8 rats
  3 rat zombies (D:5)
  A spectral orc (D:4)
179 creatures vanquished.

Notes
Turn   | Place    | Note
-------+----------+-------------------------------------------
     0 | D:1      | Kold the Octopode Transmuter began the quest for the Orb.
     0 | D:1      | Reached XP level 1. HP: 13/13 MP: 3/3
    70 | D:1      | Reached skill level 1 in Stealth
    70 | D:1      | Reached XP level 2. HP: 16/18 MP: 3/5
   630 | D:1      | Reached XP level 3. HP: 23/23 MP: 4/6
  1342 | D:2      | Found a faded altar of an unknown god.
  1541 | D:2      | Reached XP level 4. HP: 23/28 MP: 5/7
  2489 | D:3      | Noticed an orc warrior
  2522 | D:4      | Found a basalt altar of Yredelemnul.
  2643 | D:4      | Reached XP level 5. HP: 7/33 MP: 8/8
  3050 | D:3      | Reached XP level 6. HP: 14/38 MP: 9/9
  3260 | D:3      | Found an ornate altar of the Wu Jian Council.
  3450 | D:4      | Found Afukkack's Antique Weapon Shoppe.
  3730 | D:5      | Entered Level 5 of the Dungeon
  3730 | D:5      | Found a staircase to the Ecumenical Temple.
  3741 | Temple   | Entered the Ecumenical Temple
  3814 | Temple   | Became a worshipper of Cheibriados the Contemplative
  3942 | D:5      | Noticed Eustachio
  4719 | D:5      | Learned a level 2 spell: Sticks to Snakes
  4723 | D:5      | Learned a level 3 spell: Spider Form
  4823 | D:5      | Reached skill level 1 in Poison Magic
  4823 | D:5      | Reached XP level 7. HP: 15/43 MP: 10/10
  4830 | D:5      | Reached * piety under Cheibriados
  5141 | D:5      | Found an ancient bone altar of Kikubaaqudgha.
  5429 | D:6      | Reached skill level 5 in Unarmed Combat
  5431 | D:6      | Found Ugodd's Magic Scroll Shoppe.
  5440 | D:6      | Bought a scroll of blinking for 97 gold pieces
  5592 | D:6      | Noticed Menkaure
  5843 | D:7      | Found Miusir's Magic Scroll Shop.
  6009 | D:6      | Reached XP level 8. HP: 48/48 MP: 9/11
  6012 | D:6      | Noticed Blork the orc
  6020 | D:6      | Killed Menkaure
  6020 | D:6      | Reached ** piety under Cheibriados
  6020 | D:6      | Reached skill level 5 in Dodging
  6020 | D:6      | Reached skill level 5 in Transmutations
  6023 | D:6      | Killed Blork the orc
  6774 | D:6      | Found a white marble altar of Elyvilon.
  6856 | D:6      | Found a runed translucent door.
  6857 | D:6      | Noticed Crazy Yiuf
  7035 | D:6      | Killed Crazy Yiuf
  7165 | D:4      | Killed Eustachio
  7267 | D:7      | Reached skill level 5 in Poison Magic
  7267 | D:7      | Reached XP level 9. HP: 42/53 MP: 10/12
  7271 | D:7      | Reached *** piety under Cheibriados
  7882 | D:7      | Found a shattered altar of Ashenzari.
  7882 | D:7      | Found a hazy altar of Hepliaklqana.
  7979 | D:7      | Found a glowing silver altar of Zin.
  7983 | D:7      | Found a shadowy altar of Dithmenos.
  8317 | D:7      | Found a sacrificial altar of Ru.
  8509 | D:7      | Reached **** piety under Cheibriados
  8967 | D:8      | Found an opulent altar of Gozag.
  9015 | D:8      | Killed from afar by a wyvern

Skill      XL: |  1  2  3  4  5  6  7  8  9 |
---------------+----------------------------+-----
Stealth        | 1 2 3 4 |  4.0
Transmutations | 3 4 6 |  6.6
Dodging        | 3 4 5 6 |  6.5
Unarmed Combat | 4 5 6 |  6.9
Poison Magic   | 1 3 5 6 |  6.0
Fighting       | |  1.2
Spellcasting   | |  2.0

Action                   |  1- 3 |  4- 6 |  7- 9 || total
-------------------------+-------+-------+-------++-------
Melee: Unarmed           |    80 |   166 |   203 ||   449
       Tentacles         |    13 |    26 |    52 ||    91
       Constrict         |    25 |    46 |    51 ||   122
       Kick              |    15 |    40 |    62 ||   117
       Punch             |     2 |     2 |    13 ||    17
 Cast: Beastly Appendage |    16 |    32 |    32 ||    80
       Spider Form       |       |       |     3 ||     3
       Sticks to Snakes  |       |       |     3 ||     3
  Use: Potion            |       |     2 |     1 ||     3
       Scroll            |       |     2 |     3 ||     5
 Stab: Sleeping          |    10 |    15 |     5 ||    30
  Eat: Chunk             |     2 |     8 |     4 ||    14
       Ration            |       |     1 |     1 ||     2
Armor: Skin              |     6 |     8 |    22 ||    36
Dodge: Dodged            |    54 |   130 |   230 ||   414
